 Dungeon Crawl Stone Soup version 0.29.1-2-gbd0b4ee654 (webtiles) character file.

Game seed: 6190406712948699266

337651 xSliceyx the Warrior (level 22, -42/176 HPs)
             Began as a Djinni Hedge Wizard on Sept 3, 2022.
             Was the Champion of Makhleb.
             Shot with a bolt by a yaktaur captain (43 damage)
             ... on level 2 of the Vaults on Nov 3, 2022.
             The game lasted 07:48:00 (68604 turns).

xSliceyx the Warrior (Djinni Hedge Wizard)         Turns: 68604, Time: 07:48:01

Health: -42/176    AC:  8    Str: 11    XL:     22   Next: 91%
Gold:   2618       EV: 26    Int: 29    God:    Makhleb [******] SH:  0 Dex: 20

rFire   + + +      SeeInvis .   B - +12 pair of quick blades "Gyre" and "Gimble" {protect}
rCold   . . .      Faith    .   (shield currently unavailable)
rNeg    . . .      Spirit   .   O - +0 robe "Bips" {rC+ rCorr Str+3 Int+3}
rPois   ∞          Reflect  .   J - +2 helmet of Immorality {Drain rPois Slay+3}
rElec   +          Harm     .   L - +2 cloak
rCorr   +          Rampage  .   (no gloves)
Will    +....                   (boots unavailable)
Stlth   +++.......              c - amulet of regeneration
HPRegen 1.19/turn               u - ring of Doitaluw {Wiz Will- rCorr Slay+5 Stlth+}
MPRegen 0.00/turn               n - ring of the Prince of Darkness {Wiz rElec rF+ Dex+3}

@: forested, flying, studying 2 skills
A: sickness immunity, fire resistance 2, cold vulnerability 1, float, innate
caster, HP casting, extra vitality 1, agile 1
}: 2/15 runes: barnacled, gossamer
a: Renounce Religion, Minor Destruction, Lesser Servant of Makhleb, Major
Destruction, Greater Servant of Makhleb


You were on level 2 of the Vaults.
You worshipped Makhleb.
Makhleb was exalted by your worship.
You visited 8 branches of the dungeon, and saw 36 of its levels.
You visited 1 bazaar.
You also visited: Trove, Sewer and Wizlab.

You collected 6144 gold pieces.
You spent 3526 gold pieces at shops.

Inventory:

Hand Weapons
 x - the +6 Majin-Bo {vamp, MP+6 Int+6}
   (You took it off a Hellbinder in a wizard's laboratory)

   It heals its wielder for a portion of the damage dealt when they wound a
   living foe with it or with a spell.
   Its wielder's spells cost health as well as magical power.
   Int:       It affects your intelligence (+6).
   MP:        It affects your magic capacity (+6).
 B - the +12 pair of quick blades "Gyre" and "Gimble" (weapon) {protect}
   (You took it off a deep elf high priest on level 3 of the Elven Halls)

   It grants its wielder temporary protection when it strikes (+7 to AC).
Missiles
 e - 2 curare-tipped darts
 z - 17 silver javelins
Armour
 y - a +2 cloak of preservation
 J - the +2 helmet of Immorality (worn) {Drain rPois Slay+3}
   (You found it on level 9 of the Dungeon)

   Slay:      It affects your accuracy & damage with ranged weapons and melee
   (+3).
   rPois:     It protects you from poison.
   Drain:     It drains your maximum health when unequipped.
 L - a +2 cloak (worn)
 O - the +0 robe "Bips" (worn) {rC+ rCorr Str+3 Int+3}
   (You bought it in a shop on level 1 of the Dungeon)

   Str:       It affects your strength (+3).
   Int:       It affects your intelligence (+3).
   rC:        It protects you from cold.
   rCorr:     It protects you from acid and corrosion.
Jewellery
 c - an amulet of regeneration (around neck)
 n - the ring of the Prince of Darkness (right hand) {Wiz rElec rF+ Dex+3}
   (You found it in a treasure trove)

   [ring of wizardry]

   It improves your spell success rate.
   Dex:       It affects your dexterity (+3).
   rF:        It protects you from fire.
   rElec:     It insulates you from electricity.
 p - an amulet of reflection
 t - the ring of Ytih {rF+ Dex+4 SInv}
   (You took it off a deep elf archer on level 3 of the Elven Halls)

   [ring of see invisible]

   Dex:       It affects your dexterity (+4).
   rF:        It protects you from fire.
   SInv:      It lets you see invisible.
 u - the ring of Doitaluw (left hand) {Wiz Will- rCorr Slay+5 Stlth+}
   (You found it in a treasure trove)

   [ring of wizardry]

   It improves your spell success rate.
   Slay:      It affects your accuracy & damage with ranged weapons and melee
   (+5).
   rCorr:     It protects you from acid and corrosion.
   Will:      It decreases your willpower.
   Stlth:     It makes you more stealthy.
Wands
 g - a wand of flame (29)
 h - a wand of charming (4)
 s - a wand of quicksilver (23)
 H - a wand of iceblast (28)
 K - a wand of digging (7)
Scrolls
 d - 3 scrolls of teleportation
 f - 4 scrolls of magic mapping
 l - 4 scrolls of immolation
 m - 2 scrolls of blinking
 o - a scroll of enchant weapon
 w - 12 scrolls of identify
 I - 9 scrolls of poison
 P - 4 scrolls of fog
 R - 2 scrolls of summoning
Potions
 a - 4 potions of berserk rage
 b - 5 potions of heal wounds
 i - 17 potions of curing
 j - 14 potions of mutation
 k - 3 potions of resistance
 q - 4 potions of invisibility
 r - 8 potions of haste
 v - 8 potions of cancellation
 D - 9 potions of attraction
 E - 13 potions of might
 F - 7 potions of brilliance
 U - 9 potions of lignification
 V - 8 potions of ambrosia
Miscellaneous
 N - a phantom mirror
 S - a condenser vane
 W - a phial of floods
 Y - a lightning rod (4/4)


   Skills:
 - Level 20.8 Fighting
 - Level 8.0 Short Blades
 + Level 19.2 Dodging
 - Level 1.5 Stealth
 - Level 1.9 Shields
 - Level 16.1 Spellcasting
 - Level 18.0 Invocations


You couldn't memorise any spells.
You knew the following spells:

 Your Spells              Type           Power      Damage    Failure   Level
a - Magic Dart            Conj           100%       1d8       0%          1
b - Blink                 Tloc           100%       N/A       0%          2
c - Call Imp              Summ           87%        N/A       0%          2
d - Slow                  Hex            100%       N/A       0%          1
e - Conjure Flame         Conj/Fire      87%        6-21      0%          3
f - Mephitic Cloud        Conj/Pois/Air  87%        N/A       0%          3
g - Sting                 Tmut/Pois      100%       1d8       0%          1
h - Ensorcelled Hibernat  Hex/Ice        100%       N/A       0%          2
i - Wereblood             Tmut           87%        N/A       0%          2
j - Flame Wave            Conj/Fire      87%        2d19      1%          4
k - Summon Forest         Summ/Tloc      43%        N/A       1%          5
l - Agony                 Necr           87%        N/A       1%          5
m - Starburst             Conj/Fire      43%        6d12      1%          6
n - Summon Hydra          Summ           43%        N/A       1%          7
o - Dispersal             Tloc           43%        N/A       1%          6
p - Orb of Destruction    Conj           43%        9d12      1%          7
Your spell library was empty.

Dungeon Overview and Level Annotations

Branches:
Dungeon (15/15)            Temple (1/1) D:5            Lair (5/5) D:10
 Shoals (4/4) Lair:2       Spider (4/4) Lair:2        Slime (0/5) Lair:4
    Orc (2/2) D:12            Elf (3/3) Orc:2        Vaults (2/5) D:13
 Depths (0/4) D:15          Sewer (visited)          WizLab (visited)
  Crypt: Vaults:2-3

Altars:
Ashenzari
Cheibriados
Dithmenos
Elyvilon
Fedhas
Gozag
Hepliaklqana
Makhleb
Nemelex Xobeh
Okawaru
Qazlal
Ru
Trog
Uskayaw
Wu Jian
Xom
Yredelemnul
Zin
The Shining One
Jiyva

Shops:
D:1 **[(=   D:10 *   Orc:2 =?[*   Elf:1 *   Elf:2 [   Shoals:2 :   Shoals:3 =
Vaults:2 (

Annotations:
D:9 1 runed translucent door(no items), 5 head hydra, centaur warrior, wraith
Shoals:2 3 runed translucent doors, fearitself's ghost, adept MiBe
Shoals:3 3 runed translucent doors, exclusion: obsidian statue, Kehicw's ghost, adept HOBr
Elf:1 3 runed translucent doors
Vaults:1 3 runed translucent doors, hyperkahler's ghost, veteran MiFi


Innate Abilities, Weirdness & Mutations

You are immune to sickness and miasma.
You are immune to poison.
Your flesh is very heat resistant. (rF++)
You are vulnerable to cold. (rC-)
You float through the air rather than walking.
You learn spells naturally, not from books.
Your magical power is your life essence.
You have superior vitality. (+4 MHP)
You are agile. (Dex +4, Str/Int -1)


Message History

You hear a shout!
A yaktaur captain comes into view.
Casting: Orb of Destruction (mildly dangerous; 1% risk of failure)
Confirm with . or Enter, or press ? or * to list all spells.
Aiming: Orb of Destruction (mildly dangerous; 1% risk of failure)
Press: ? - help, Shift-Dir - straight line, f - yaktaur captain
Aim: a yaktaur captain The orb of destruction hits the yaktaur captain!!!
The yaktaur captain is heavily wounded.
You hear a shout!
The yaktaur captain wields a +0 arbalest.
The yaktaur captain shoots a bolt.
The bolt misses you.
A yaktaur captain comes into view.
An ironbound frostheart comes into view.
The yaktaur captain wields a +2 arbalest of freezing.
It is covered in frost.
The yaktaur captain shoots a bolt.
The bolt hits you! The bolt freezes you.
The yaktaur captain shoots a bolt.
The bolt hits you!!!
The ironbound frostheart moves out of view.
Unknown command.
Casting: Orb of Destruction (mildly dangerous; 1% risk of failure)
Confirm with . or Enter, or press ? or * to list all spells.
A forested plane collides here with a resounding crunch!
Your dryad calls out to the forest.
The forest starts to sway and rumble!
The yaktaur captain shoots a bolt.
The bolt misses you.
The yaktaur captain shoots a bolt.
The bolt hits you!! The bolt freezes you!
As you read the scroll of fog, it crumbles to dust.
The scroll dissolves into smoke.
The yaktaur captain shoots a bolt.
The bolt completely misses you.
The yaktaur captain shoots a bolt.
The bolt closely misses you.
Casting: Summon Forest (safe; 1% risk of failure)
Confirm with . or Enter, or press ? or * to list all spells.
A six-headed hydra appears.
The ironbound frostheart is hit by a branch!
The yaktaur captain shoots a bolt.
The bolt hits you!!!
* * * LOW HITPOINT WARNING * * *
The bolt freezes you!
* * * LOW HITPOINT WARNING * * *
The yaktaur captain shoots a bolt.
The bolt hits you!!!
You die...

,#.#.....♣..## ***,,,***
,#.#.........♣# *,,,*
,#.#...#.∩.#..♣ ***** *
*#.###....c##.# * ,..# #####..#.♣
*
*****##♣♣♣♣p..♣##♣♣♣♣##♣########*
,,,,...*)......§§♣..............,
,,,,..<│\......§R§...♣..........,
,,,,..........c§@§..............,
,,,,##♣♣#♣♣♣#..§§♣.......########
***,*,,,..,,#♣.D....♣♣♣♣'#.......
,,+,*,,...,,♣......##≈≈~.'.......
,,*,*,.~~p,,♣.....♣#≈≈~..'.......
***,*,,~~~,,#$...♣♣≈≈~..~#.......
,**,*,,~~~,,♣...♣♣≈≈~..≈≈#.......
,**,*,,,,,,,#..♣#≈≈~..~≈≈#.......
,**,*,,,,,,,#..#≈~~..~≈≈########+


You could see 2 yaktaur captains, an ironbound frostheart, a friendly six-headed
hydra (summoned) and a friendly dryad (summoned).

Vanquished Creatures
  A tentacled monstrosity (Vaults:1)
  A deep elf blademaster (Elf:3)
  A sphinx (Vaults:2)
  5 deep elf sorcerers (Elf:3)
  A balrug (WizLab)
  5 emperor scorpions
  2 ghost moths
  7 deep elf elementalists (Elf:3)
  3 very ugly things (Vaults:1)
  A stone giant (D:15)
  3 broodmothers
  4 deep elf demonologists
  2 deep elf annihilators (Elf:3)
  A lorocyproca (WizLab)
  An entropy weaver (Spider:3)
  2 dire elephants (Vaults:1)
  3 spark wasps
  A fire dragon (D:15)
  5 merfolk javelineers
  3 deep elf death magi (Elf:3)
  3 merfolk impalers
  6 deep elf high priests
  5 boulder beetles
  2 hell beasts (WizLab)
  2 ogre magi (D:15)
  A ghost crab (Shoals:2)
  4 centaur warriors
  4 hydras
  2 radroaches
  A merfolk avatar (Shoals:1)
  A catoblepas (Lair:5)
  An ironbound frostheart (Vaults:1)
  4 two-headed ogres
  3 jorogumos
  A deep troll shaman (Lair:5)
  9 dancing weapons
  2 death yaks
  A merfolk aquamancer (Shoals:4)
  2 orc high priests (Orc:2)
  3 tengu warriors (D:15)
  Urug (Orc:2)
  2 soul eaters (WizLab)
  8 deep elf knights
  A sixfirhy (WizLab)
  5 pharaoh ants
  2 sun moths
  13 sea snakes
  12 orb spiders
  2 deep trolls (Vaults:1)
  3 shadow demons (WizLab)
  4 steelbarb worms
  9 deep elf archers
  16 deep elf pyromancers
  13 deep elf zephyrmancers
  A lindwurm (Vaults:1)
  An orc knight (Orc:2)
  8 harpies
  3 fauns
  3 manticores
  14 ugly things
  13 wolf spiders
  2 cyclopes
  An elephant (Lair:5)
  5 merfolk sirens
  A rust devil (WizLab)
  A moth of wrath (Spider:1)
  5 water nymphs
  A vault sentinel (Vaults:1)
  Maurice (D:8)
  2 black mambas
  Joseph (D:10)
  4 cane toads
  4 demonic crawlers
  A cane toad (shapeshifter) (D:14)
  A gargoyle (D:11)
  8 torpor snails
  A kobold demonologist (D:8)
  2 tengu conjurers (D:14)
  A komodo dragon (Lair:1)
  A hellwing (WizLab)
  11 merfolk
  A spectral harpy (Shoals:2)
  26 tarantellas
  4 wind drakes
  3 meliai (Spider:1)
  4 trolls
  Prince Ribbit (D:6)
  3 blink frogs (Lair:5)
  2 spectral merfolk (Shoals:2)
  5 dream sheep
  A spectral manticore (Shoals:2)
  7 snapping turtles
  A jumping spider (shapeshifter) (D:15)
  10 slime creatures
  8 air elementals (Elf:3)
  A shadow (D:10)
  15 culicivoras
  9 yaks
  24 jumping spiders
  2 nameless horrors
  A wyvern (D:10)
  15 water elementals
  A wraith (D:10)
  2 steam dragons
  A chaos spawn (WizLab)
  A neqoxec (WizLab)
  49 redbacks
  Grum (D:10)
  11 vampire mosquitoes
  3 water moccasins
  An acid dragon (shapeshifter) (Elf:3)
  4 orc warriors
  A sky beast (D:7)
  2 black bears
  8 ogres
  4 centaurs
  5 wolves
  3 phantoms
  Blork the orc (D:4)
  A kobold brigand (D:8)
  3 earth elementals (Elf:3)
  3 bullfrogs
  A necrophage (D:6)
  4 scorpions
  4 wights (D:7)
  12 killer bees
  4 howler monkeys
  6 jellies
  Crazy Yiuf (D:3)
  5 orc priests
  A gnoll bouda (D:8)
  A hound (D:5)
  A human skeleton (D:6)
  A hell rat (Lair:1)
  5 iguanas
  4 orc wizards
  11 gnolls
  A river rat (Sewer)
  7 adders
  A white imp (D:6)
  4 ufetubi
  2 worms
  5 dart slugs
  24 orcs
  8 ball pythons
  9 endoplasms
  9 giant cockroaches
  9 hobgoblins
  3 quokkas
  6 bats
  12 frilled lizards
  7 goblins
  2 goblin skeletons (D:6)
  9 kobolds
  10 rats
  4 plants (Shoals:4)
  8 snaplasher vines
746 creatures vanquished.

Vanquished Creatures (collateral kills)
  A Hellbinder (WizLab)
  Arachne (Spider:4)
  7 tentacled monstrosities
  A deep elf blademaster (Elf:3)
  2 deep elf master archers (Elf:3)
  A sphinx (Vaults:1)
  Frances (D:14)
  Gastronok (Lair:1)
  The ghost of Pileg the Severer, an adept FoFi of Okawaru (Elf:3)
  A shadow dragon (Elf:1)
  Ilsuiw (Shoals:2)
  2 deep elf sorcerers (Elf:3)
  6 emperor scorpions
  5 ghost moths (Spider:4)
  A vault warden (Vaults:1)
  3 cacodemons
  A deep elf elementalist (Elf:3)
  2 ironbound preservers (Vaults:1)
  An ironbound thunderhulk (Vaults:2)
  10 very ugly things
  A demonspawn blood saint (WizLab)
  Nessos (D:15)
  2 dire elephants (Vaults:1)
  A spark wasp (Spider:4)
  2 deep elf annihilators (Elf:3)
  2 blizzard demons (WizLab)
  5 merfolk javelineers
  A spectral kraken (Shoals:2)
  A great orb of eyes (Vaults:2)
  A yaktaur captain (Vaults:1)
  A deep elf high priest (Elf:3)
  2 green deaths (WizLab)
  An ice dragon (Elf:1)
  5 merfolk impalers
  A vault guard (Vaults:1)
  5 hydras
  Erolcha (D:13)
  An ironbound frostheart (Vaults:1)
  Fannar (D:10)
  A ghost crab (Shoals:2)
  6 boulder beetles
  A merfolk avatar (Shoals:2)
  2 radroaches
  A hell beast (WizLab)
  2 catoblepae
  3 merfolk aquamancers
  A jorogumo (Spider:3)
  3 satyrs
  4 two-headed ogres
  An orc high priest (Orc:2)
  A tengu warrior (D:15)
  23 dancing weapons
  12 death yaks
  8 deep elf knights
  2 soul eaters (WizLab)
  A sixfirhy (WizLab)
  2 sea snakes
  2 pharaoh ants (Spider:3)
  A sun moth (Spider:4)
  6 deep trolls (Vaults:1)
  6 steelbarb worms
  2 glowing orange brains
  4 wizards
  6 lindwurms
  7 orb spiders
  11 deep elf archers (Elf:1)
  7 orc knights
  21 deep elf zephyrmancers
  4 cyclopes
  11 deep elf pyromancers
  6 orc sorcerers
  12 wolf spiders
  9 manticores
  3 ugly things (Vaults:1)
  12 fauns
  3 black mambas
  4 merfolk sirens
  4 moths of wrath
  A rust devil (WizLab)
  A smoke demon (WizLab)
  A vault sentinel (Vaults:1)
  2 water nymphs
  4 torpor snails
  7 cane toads
  The ghost of GloriousHammer the Ducker, a novice FeSu of Gozag (D:8)
  9 elephants
  3 spectral sea snakes (Shoals:2)
  A rime drake (Lair:3)
  A hellwing (WizLab)
  7 demonic crawlers
  An efreet (D:13)
  2 yaktaurs (Vaults:1)
  2 kobold demonologists (D:13)
  3 ice devils (WizLab)
  12 komodo dragons
  3 trolls
  11 merfolk
  3 polar bears
  9 tarantellas
  A wind drake (Shoals:4)
  A hornet (Spider:3)
  8 slime creatures
  6 blink frogs (Lair:5)
  12 dream sheep
  4 snapping turtles
  2 air elementals
  A shadow (D:12)
  A vampire (D:13)
  15 jumping spiders
  4 wyverns
  7 culicivoras
  3 ynoxinuls (WizLab)
  5 water elementals
  A wraith (D:13)
  4 basilisks
  A fire bat (shapeshifter) (Elf:3)
  6 fire elementals
  31 yaks
  28 redbacks
  4 vampire mosquitoes
  2 wargs (D:12)
  A chaos spawn (WizLab)
  2 acid dragons
  A floating eye (shapeshifter) (Elf:3)
  2 nameless horrors
  7 water moccasins
  17 orc warriors
  11 wolves
  A wolf (shapeshifter) (Elf:3)
  An ogre (shapeshifter) (Elf:3)
  4 ogres
  2 centaurs
  2 kobold brigands (D:13)
  5 bullfrogs
  7 earth elementals
  2 scorpions
  5 killer bees
  A gnoll bouda (Orc:2)
  3 orc priests
  2 jellies (Lair:4)
  An iguana (D:7)
  5 hell rats (Lair:1)
  8 orc wizards
  4 gnolls (Orc:2)
  A worm (shapeshifter) (Elf:3)
  3 worms (Lair:2)
  23 orcs
  An endoplasm (Sewer)
  A giant cockroach (shapeshifter) (Elf:3)
  4 giant cockroaches
  3 jackals (D:3)
  A quokka (D:4)
  A ball python (Sewer)
  3 kobolds (D:13)
  2 bushes
  A tentacle (Shoals:2)
668 creatures vanquished.

Vanquished Creatures (others)
  An entropy weaver (Spider:2)
  A death yak (Lair:5)
  A deep elf archer (Elf:1)
  46 fungi
  149 plants
  45 snaplasher vines
  7 tentacles (Shoals:2)
  10 withered plants (Shoals:2)
260 creatures vanquished.

Grand Total: 1674 creatures vanquished

Notes
Turn   | Place    | Note
-------+----------+-------------------------------------------
     0 | D:1      | xSliceyx the Djinni Hedge Wizard began the quest for the
                  | Orb.
     0 | D:1      | xSliceyx set off with the following spells memorised: Magic
                  | Dart, Blink, Call Imp, Slow, Conjure Flame, Mephitic Cloud.
     0 | D:1      | Reached XP level 1. HP: 15/15 MP: 0/0
   430 | D:1      | Reached XP level 2. HP: 13/21 MP: 0/0
   540 | D:1      | Found Linequf's Weapon Emporium.
   600 | D:1      | Found Ukhlag's General Store.
   600 | D:1      | Found Loigup's Armour Shop.
   758 | D:1      | Found Kutt's Jewellery Emporium.
   877 | D:1      | Found Joaf Fau's General Store.
   996 | D:1      | Reached XP level 3. HP: 23/25 MP: 0/0
   996 | D:1      | Learned a level 1 spell: Sting
  2343 | D:2      | Reached XP level 4. HP: 24/31 MP: 0/0
  2976 | D:2      | You are sucked into a shaft and drop 2 floors!
  3000 | D:4      | Noticed a black bear
  3148 | D:3      | Reached XP level 5. HP: 18/35 MP: 0/0
  3148 | D:3      | Learned a level 2 spell: Ensorcelled Hibernation
  3267 | D:3      | Found a white marble altar of Elyvilon.
  3337 | D:3      | Found a glowing drain.
  3346 | Sewer    | Entered a sewer
  4246 | Sewer    | Reached XP level 6. HP: 37/40 MP: 0/0
  4289 | Sewer    | Found a viscous altar of Jiyva.
  4340 | Sewer    | Reached skill level 5 in Spellcasting
  4547 | D:3      | Found a runed translucent door.
  4548 | D:3      | Noticed Crazy Yiuf
  4567 | D:3      | Killed Crazy Yiuf
  5610 | D:4      | Killed a black bear
  5611 | D:4      | Reached XP level 7. HP: 33/45 MP: 0/0
  5611 | D:4      | Learned a level 2 spell: Wereblood
  5851 | D:4      | Found a broken altar of Ashenzari.
  6073 | D:4      | Noticed Blork the orc
  6087 | D:4      | Killed Blork the orc
  6100 | D:4      | HP: 2/45 [orc priest/+0 club (6)]
  6445 | D:4      | Found an ornate altar of the Wu Jian Council.
  6869 | D:5      | Entered Level 5 of the Dungeon
  6905 | D:5      | Reached XP level 8. HP: 42/50 MP: 0/0
  7373 | D:5      | Reached skill level 1 in Fighting
  7508 | D:5      | Reached skill level 2 in Fighting
  7571 | D:5      | Found a staircase to the Ecumenical Temple.
  7577 | Temple   | Entered the Ecumenical Temple
  8161 | D:6      | Noticed Prince Ribbit
  8310 | D:6      | Reached skill level 3 in Fighting
  8818 | D:6      | Reached skill level 4 in Fighting
  8926 | D:6      | Found a runed translucent door.
  8926 | D:6      | Noticed a human
  8931 | D:6      | Found a basalt altar of Yredelemnul.
  8959 | D:6      | Reached skill level 5 in Fighting
  9013 | D:6      | Killed Prince Ribbit
  9014 | D:6      | Reached skill level 6 in Fighting
  9014 | D:6      | Reached XP level 9. HP: 53/66 MP: 0/0
  9014 | D:6      | Learned a level 4 spell: Flame Wave
  9464 | D:6      | Reached skill level 7 in Fighting
 11081 | D:7      | Found a burning altar of Makhleb.
 11084 | D:7      | Became a worshipper of Makhleb the Destroyer
 11809 | D:7      | HP: 2/68 [vampire mosquito (9)]
 12113 | D:7      | Reached XP level 10. HP: 50/75 MP: 0/0
 12836 | D:8      | Found a runed translucent door.
 12837 | D:8      | Noticed GloriousHammer's ghost (novice FeSu)
 12954 | D:8      | Noticed a kobold demonologist
 12958 | D:8      | Noticed a sun demon
 12960 | D:8      | Killed a kobold demonologist
 13202 | D:9      | Found a hazy altar of Hepliaklqana.
 13204 | D:9      | Identified the +2 helmet of Immorality {Drain rPois Slay+3}
 13233 | D:9      | Reached skill level 10 in Spellcasting
 13779 | D:8      | Reached * piety under Makhleb
 14165 | D:9      | Noticed Maurice
 14272 | D:8      | Killed Maurice
 14273 | D:8      | Reached skill level 5 in Dodging
 14727 | D:9      | Noticed a two-headed ogre
 15176 | D:9      | Killed a two-headed ogre
 15177 | D:9      | Reached XP level 11. HP: 67/79 MP: 0/0
 15177 | D:9      | Learned a level 5 spell: Summon Forest
 15510 | D:9      | Noticed a five-headed hydra
 15511 | D:9      | Found a runed translucent door.
 15515 | D:9      | Noticed a centaur warrior
 15716 | D:10     | Entered Level 10 of the Dungeon
 15895 | D:10     | Found a snail-covered altar of Cheibriados.
 15901 | D:10     | Noticed Fannar
 15906 | D:10     | Found Egechead's Assorted Antiques.
 16488 | D:1      | Bought the +0 robe "Bips" {rC+ rCorr Str+3 Int+3} for 394
                  | gold pieces
 16530 | D:1      | Bought a potion of heal wounds for 55 gold pieces
 16566 | D:1      | Bought a scroll of blinking for 97 gold pieces
 16566 | D:1      | Bought a potion of heal wounds for 65 gold pieces
 16813 | D:10     | Reached skill level 10 in Dodging
 16937 | D:10     | Found a staircase to the Lair.
 16969 | D:10     | Killed Fannar
 16988 | D:10     | Noticed Joseph
 17343 | D:10     | Bought a scroll labelled SIOCRUFO KONA for 21 gold pieces
 17343 | D:10     | Bought a scroll labelled BISOMIA GUYPN for 21 gold pieces
 17367 | D:10     | Noticed Grum
 17370 | D:10     | Killed Joseph
 17380 | D:10     | Killed Grum
 17934 | D:11     | Noticed a boulder beetle
 17939 | D:11     | Noticed a cyclops
 17943 | D:11     | Noticed a two-headed ogre
 18241 | D:8      | Killed GloriousHammer's ghost
 18373 | Lair:1   | Entered Level 1 of the Lair of Beasts
 18390 | Lair:1   | Reached XP level 12. HP: 56/85 MP: 0/0
 18529 | Lair:1   | Noticed a boulder beetle
 18538 | Lair:1   | Killed a boulder beetle
 18596 | Lair:1   | Noticed a seven-headed hydra
 18640 | D:11     | Noticed a two-headed ogre
 19309 | Lair:1   | Killed a seven-headed hydra
 19642 | Lair:1   | Noticed Gastronok
 19662 | Lair:1   | Killed Gastronok
 19921 | Lair:1   | Reached ** piety under Makhleb
 21222 | Lair:2   | Found a hole to the Spider Nest.
 21223 | Lair:2   | Noticed a boulder beetle
 21233 | Lair:2   | Killed a boulder beetle
 21538 | Lair:2   | Found a staircase to the Shoals.
 22001 | Lair:3   | Reached XP level 13. HP: 79/90 MP: 0/0
 22001 | Lair:3   | Learned a level 5 spell: Agony
 22439 | Lair:3   | Noticed an eight-headed hydra
 22444 | Lair:3   | Killed an eight-headed hydra
 23310 | Lair:4   | Reached *** piety under Makhleb
 23487 | Lair:4   | Found a staircase to the Slime Pits.
 23789 | Lair:4   | Noticed a five-headed hydra
 23796 | Lair:4   | Killed a five-headed hydra
 23953 | Lair:4   | Found a viscous altar of Jiyva.
 24034 | Lair:4   | Noticed a catoblepas
 24045 | Lair:4   | Killed a catoblepas
 24090 | Lair:4   | Reached XP level 14. HP: 89/96 MP: 0/0
 24577 | Lair:4   | Reached skill level 15 in Spellcasting
 24850 | Lair:5   | Entered Level 5 of the Lair of Beasts
 25569 | Lair:4   | Reached **** piety under Makhleb
 26810 | Lair:5   | Reached skill level 1 in Invocations
 27273 | Lair:5   | Reached skill level 5 in Invocations
 27642 | Lair:5   | Reached XP level 15. HP: 85/101 MP: 0/0
 27642 | Lair:5   | Learned a level 6 spell: Starburst
 27658 | Lair:5   | Found an ornate altar of the Wu Jian Council.
 27658 | Lair:5   | Found a hide-covered altar of Uskayaw.
 28225 | D:11     | Reached ***** piety under Makhleb
 28583 | D:11     | Found a shimmering altar of Xom.
 28583 | D:11     | Found a shimmering altar of Xom.
 28584 | D:11     | Found a shimmering altar of Xom.
 28609 | D:11     | Identified the +4 ring mail of the Disturbing Moons {+Inv
                  | rElec rCorr Str+3}
 29075 | D:11     | Found a shimmering altar of Xom.
 29075 | D:11     | Found a shimmering altar of Xom.
 29075 | D:11     | Found a shimmering altar of Xom.
 29075 | D:11     | Found a shimmering altar of Xom.
 29080 | D:11     | Found a shimmering altar of Xom.
 29781 | D:12     | Found a staircase to the Orcish Mines.
 29921 | Orc:1    | Entered Level 1 of the Orcish Mines
 30036 | Orc:1    | Found an iron altar of Okawaru.
 30359 | Orc:2    | Entered Level 2 of the Orcish Mines
 30435 | Orc:2    | Found a staircase to the Elven Halls.
 30543 | Orc:2    | Noticed Urug
 30552 | Orc:2    | Killed Urug
 31751 | Orc:2    | Reached skill level 10 in Invocations
 32453 | Orc:2    | Found Ycoruw's Assorted Antiques.
 32453 | Orc:2    | Found Dest's Armour Shop.
 32454 | Orc:2    | Found Leuh's Magic Scroll Shoppe.
 32454 | Orc:2    | Found Qukhlano's Jewellery Shoppe.
 32599 | Orc:2    | Bought a scroll of identify for 28 gold pieces
 32599 | Orc:2    | Bought a scroll of teleportation for 42 gold pieces
 32599 | Orc:2    | Bought a scroll of poison for 56 gold pieces
 32599 | Orc:2    | Bought a scroll of identify for 28 gold pieces
 32599 | Orc:2    | Bought a scroll of fear for 56 gold pieces
 32599 | Orc:2    | Bought a scroll of enchant weapon for 105 gold pieces
 32601 | Orc:2    | Bought a scroll of blinking for 202 gold pieces
 32601 | Orc:2    | Bought a glowing blue potion for 24 gold pieces
 32601 | Orc:2    | Bought a fizzy inky potion for 24 gold pieces
 32611 | Orc:2    | Bought an amulet of regeneration for 360 gold pieces
 33117 | D:13     | Found a gate to the Vaults.
 33616 | D:13     | Noticed Erolcha
 33648 | D:13     | Killed Erolcha
 34449 | D:14     | Reached XP level 16. HP: 76/107 MP: 0/0
 34695 | D:14     | Noticed Frances
 34716 | D:14     | Killed Frances
 35050 | D:15     | Entered Level 15 of the Dungeon
 35053 | D:15     | Reached ****** piety under Makhleb
 35082 | D:15     | Noticed Nessos
 35278 | D:15     | Killed Nessos
 35465 | D:15     | Found a staircase to the Depths.
 35548 | D:15     | Found a faded altar of an unknown god.
 35555 | D:15     | Found a faded altar of an unknown god.
 35555 | D:15     | Found a faded altar of an unknown god.
 35557 | D:15     | Found a hazy altar of Hepliaklqana.
 35656 | D:15     | Reached skill level 15 in Invocations
 35824 | D:15     | Found a broken altar of Ashenzari.
 36134 | Spider:1 | Entered Level 1 of the Spider Nest
 36450 | Spider:1 | Noticed an emperor scorpion
 36456 | Spider:1 | Killed an emperor scorpion
 36701 | Spider:1 | Found a hide-covered altar of Uskayaw.
 36705 | Spider:1 | Reached XP level 17. HP: 112/112 MP: 0/0
 36705 | Spider:1 | Learned a level 7 spell: Summon Hydra
 37300 | Spider:2 | Reached skill level 8 in Fighting
 37552 | Spider:2 | Reached skill level 9 in Fighting
 38715 | Spider:3 | Reached skill level 10 in Fighting
 38957 | Spider:3 | Reached skill level 11 in Fighting
 39208 | Spider:3 | Reached skill level 12 in Fighting
 39319 | Spider:3 | Reached XP level 18. HP: 125/130 MP: 0/0
 39429 | Spider:3 | Reached skill level 13 in Fighting
 40004 | Spider:4 | Entered Level 4 of the Spider Nest
 40374 | Spider:4 | Reached skill level 14 in Fighting
 41102 | Spider:4 | Reached skill level 15 in Fighting
 41539 | Spider:4 | Noticed Arachne
 41559 | Spider:4 | Killed Arachne
 41711 | Spider:4 | Got a gossamer rune of Zot
 41721 | Spider:4 | Reached XP level 19. HP: 140/143 MP: 0/0
 41721 | Spider:4 | Learned a level 6 spell: Dispersal
 42277 | Shoals:1 | Entered Level 1 of the Shoals
 42299 | Shoals:1 | Found a flickering gateway to a bazaar.
 42318 | Bazaar   | Entered a bazaar
 42318 | Bazaar   | Found Wistrio's Weapon Shoppe.
 42354 | Bazaar   | Found Zuawko's Jewellery Boutique.
 42380 | Bazaar   | Found Wuockan's Distillery.
 42386 | Bazaar   | Found Cowisisa's Jewellery Shop.
 42404 | Bazaar   | Bought a potion of curing for 24 gold pieces
 42404 | Bazaar   | Bought a potion of mutation for 64 gold pieces
 42404 | Bazaar   | Bought a potion of invisibility for 64 gold pieces
 42404 | Bazaar   | Bought a potion of mutation for 64 gold pieces
 42420 | Bazaar   | Bought 2 curare-tipped darts for 12 gold pieces
 42429 | Bazaar   | Bought an amulet of reflection for 360 gold pieces
 44557 | Shoals:2 | Found Vineu's Book Boutique.
 44862 | Shoals:2 | Found a runed translucent gate.
 44862 | Shoals:2 | Found a runed translucent gate.
 44862 | Shoals:2 | Found a runed translucent gate.
 44863 | Shoals:2 | Noticed fearitself's ghost (adept MiBe)
 45426 | Shoals:2 | Noticed Ilsuiw
 45434 | Shoals:2 | Killed Ilsuiw
 46520 | Shoals:3 | Found a runed translucent gate.
 46520 | Shoals:3 | Found a runed translucent gate.
 46521 | Shoals:3 | Found a runed translucent gate.
 46522 | Shoals:3 | Found an opulent altar of Gozag.
 46528 | Shoals:3 | Noticed Kehicw's ghost (adept HOBr)
 46803 | Shoals:3 | Reached skill level 16 in Fighting
 47696 | Shoals:3 | Found Tothrit's One-of-a-Kind Rings.
 48662 | Shoals:4 | Entered Level 4 of the Shoals
 49478 | Shoals:4 | Reached skill level 17 in Fighting
 49900 | Shoals:4 | Identified the +6 whip of Zucuhi Ergh {venom, Will+}
 50336 | Shoals:4 | Reached XP level 20. HP: 91/155 MP: 0/0
 50934 | Shoals:4 | Got a barnacled rune of Zot
 51382 | Shoals:4 | Upgraded the game from 0.29.0-11-gd7f09526c8 to
                  | 0.29.0-13-gc9e81de378
 51620 | Elf:1    | Entered Level 1 of the Elven Halls
 51647 | Elf:1    | Reached skill level 18 in Fighting
 51830 | Elf:1    | Found Safafy's Superlative Supplies.
 51835 | Elf:1    | Bought a manual of Spellcasting for 1200 gold pieces
 52160 | Elf:1    | Identified the +1 long sword "Hoissem" {vorpal, rF+ rCorr
                  | SInv}
 52458 | Elf:1    | Identified the +6 dagger of the Immovable Dreams {drain,
                  | *Slow rPois Stlth+}
 52704 | Elf:1    | Reached skill level 19 in Fighting
 53395 | Elf:1    | Noticed an Ice Fiend
 53724 | Elf:1    | Found a runed translucent gate.
 53724 | Elf:1    | Found a runed translucent gate.
 53724 | Elf:1    | Found a runed translucent gate.
 53724 | Elf:1    | Found a runed translucent gate.
 53724 | Elf:1    | Found a runed translucent gate.
 54741 | Elf:1    | Found a runed translucent gate.
 54934 | Elf:1    | HP: 5/150 [ice dragon/blast of cold (33)]
 56121 | Elf:2    | Found Miag's Armour Emporium.
 56554 | Elf:2    | Reached skill level 20 in Fighting
 56603 | Elf:2    | Found a huge runed translucent gate.
 56603 | Elf:2    | Found a huge runed translucent gate.
 56603 | Elf:2    | Found a huge runed translucent gate.
 56603 | Elf:2    | Found a huge runed translucent gate.
 56604 | Elf:2    | Found a huge runed translucent gate.
 57030 | Elf:2    | Reached XP level 21. HP: 79/168 MP: 0/0
 57030 | Elf:2    | Learned a level 7 spell: Orb of Destruction
 58072 | Elf:3    | Entered Level 3 of the Elven Halls
 58559 | Elf:3    | Reached skill level 15 in Dodging
 58631 | Elf:3    | Paralysed by an air elemental for 1 turns
 58634 | Elf:3    | Paralysed by an air elemental for 1 turns
 59724 | Elf:3    | Paralysed by an air elemental for 1 turns
 59924 | Elf:3    | Identified the ring "Huvi" {*Slow rElec rC+ SInv}
 60453 | Elf:3    | Identified the ring of Xoghemmetz {rN+ Dex+3}
 60972 | Elf:3    | Identified the ring of Ytih {rF+ Dex+4 SInv}
 61004 | Elf:3    | Identified the +1 pair of boots of Turpho Barch {Str+6
                  | Int+3}
 61081 | Elf:3    | Identified the +5 spear "Echini" {freeze, Str+2}
 61786 | Elf:3    | Found a runed translucent gate.
 61786 | Elf:3    | Found a runed translucent gate.
 61786 | Elf:3    | Found a runed translucent gate.
 62427 | Elf:3    | Reached XP level 22. HP: 150/176 MP: 0/0
 62432 | Elf:3    | Found a runed translucent gate.
 62432 | Elf:3    | Found a runed translucent gate.
 62434 | Elf:3    | Found a runed translucent gate.
 62434 | Elf:3    | Noticed Pileg's ghost (adept FoFi)
 62461 | Elf:3    | Gained mutation: You are agile. (Dex +4, Str/Int -1) [a
                  | cacodemon]
 62649 | Elf:3    | Killed Pileg's ghost
 63295 | Vaults:1 | Entered Level 1 of the Vaults
 63302 | Vaults:1 | Reached skill level 1 in Shields
 63445 | Vaults:1 | Upgraded the game from 0.29.0-13-gc9e81de378 to
                  | 0.29.1-2-gbd0b4ee654
 64185 | Vaults:1 | Reached skill level 1 in Short Blades
 65238 | Vaults:1 | Found a portal to a secret trove of treasure.
 65290 | Vaults:1 | You paid a toll of 7 scrolls of fear to enter a treasure
                  | trove
 65291 | Trove    | Entered a treasure trove
 65300 | Trove    | Identified the ring of the Prince of Darkness {Wiz rElec
                  | rF+ Dex+3}
 65304 | Trove    | Identified the ring of Doitaluw {Wiz Will- rCorr Slay+5
                  | Stlth+}
 65309 | Trove    | Identified the +1 buckler "Qafeh Laim" {Str+5 Stlth+}
 65310 | Trove    | Identified the +1 hand axe of the Evening {holy, *Noise
                  | +Blink rF++ Dex+4}
 65697 | D:1      | Bought a potion of might for 44 gold pieces
 65697 | D:1      | Bought a scroll of fog for 44 gold pieces
 65697 | D:1      | Bought a potion of lignification for 33 gold pieces
 65727 | D:1      | Bought a potion of curing for 39 gold pieces
 66136 | Vaults:1 | Reached skill level 5 in Short Blades
 66167 | Vaults:1 | Found a runed translucent gate.
 66167 | Vaults:1 | Found a runed translucent gate.
 66168 | Vaults:1 | Found a runed translucent gate.
 66689 | Vaults:1 | Found a runed translucent gate.
 66689 | Vaults:1 | Found a runed translucent gate.
 66694 | Vaults:1 | Found a runed translucent gate.
 66702 | Vaults:1 | Noticed hyperkahler's ghost (veteran MiFi)
 67277 | Vaults:2 | Found Jomuirhi's Antique Weapon Boutique.
 67317 | Vaults:2 | Found a magical portal.
 67439 | WizLab   | Entered The Hall of the Hellbinder
 68407 | WizLab   | Found a burning altar of Makhleb.
 68407 | WizLab   | Noticed Yliatt
 68414 | WizLab   | Killed Yliatt the Hellbinder
 68604 | Vaults:2 | HP: 1/176 [yaktaur captain/bolt (17)]
 68604 | Vaults:2 | Shot with a bolt by a yaktaur captain

Illustrated notes

Levels and vault maps discovered:
D:1:      moated_graveyard_arrival, layout_loops_corners, serial_shops, shop,
          nicolae_shop_bloodbath_and_beyond, nicolae_shop_behind_doors,
          shop_statue, nicolae_shop_trees
D:2:      layout_basic, chequers_serial_rivers_small_3, minmay_lizard_king
D:3:      layout_basic, elyvilon_altar_1, portal_sewer_entry_f,
          uniq_crazy_yiuf_cottage
D:4:      layout_rooms, mainiacjoe_overflow_catch_the_wave,
          mainiacjoe_overflow_small_starburst, uniq_blork_the_orc
D:5:      layout_loops_ring, minmay_temple_entry_statues_pillars, serial_bayou,
          serial_bayou_crossing, serial_bayou_pond_d, serial_bayou_ford_a,
          serial_bayou_shore_b, reono_crystal_passage
D:6:      layout_rooms, dk_yredelemnul_ordeal, uniq_prince_ribbit1
D:7:      layout_basic, kennysheep_mini, gammafunk_temple_overflow_wave
D:8:      layout_basic, ebering_ghost_reflecting_pool, minmay_statues_item
D:9:      layout_rooms, mainiacjoe_overflow_tiny_flanked, minmay_st_funbox,
          uniq_maurice
D:10:     layout_basic, mainiacjoe_overflow_24_doors, lair_entry_dummy,
          serial_shops, shop_statue, grunt_ministairs_7, uniq_joseph,
          uniq_fannar, uniq_grum
D:11:     layout_cave_pools, xom_shifter_show
D:12:     layout_gridville, minmay_orc_entry_guard_dogs
D:13:     layout_roguey, david_vaults_1, amcnicky_mini_corridor_feature,
          grunt_decor_one_mirror, hellmonk_guarded_unrand_zhor, uniq_erolcha
D:14:     layout_roguey, interstate_on_off, uniq_frances
D:15:     grunt_enter_depths_snipers, layout_small_grid,
          nicolae_hepliaklqana_ecumenical_no_more, cheibrodos_ashenzari_chains,
          uniq_nessos
Temple:   minmay_temple_bridge_abc
Lair:1:   layout_regular_city, uniq_gastronok
Lair:2:   layout_concentric_octagons, shoals_dummy_entry,
          nicolae_spider_entry_non_spiders, chequers_serial_rivers_large_a
Lair:3:   layout_small_grid, infiniplex_staircase_pool, serial_bayou_shore_b,
          grunt_megastairs_1
Lair:4:   layout_cave_pods, minmay_slime_entry_pillars
Lair:5:   grunt_lair_end_beastmaster, layout_hall_layers,
          chequers_serial_rivers_micro_e, nzn_masters_of_martial_movement
Shoals:1: layout_shoals, serial_shops, bzr_entry_islet
Shoals:2: layout_shoals, gammafunk_ghost_necromancy, serial_shops, shop,
          nicolae_shoals_spectral_cove, uniq_ilsuiw
Shoals:3: layout_shoals, ebering_ghost_gozag, nicolae_shop_unique_rings
Shoals:4: shoals_end_simple, layout_shoals
Spider:1: layout_spider_delve, nicolae_spider_altar_of_dancing
Spider:2: layout_spider_delve, nicolae_orb_stairs,
          hangedman_spider_tarantella_strand
Spider:3: nicolae_spider_corner, nicolae_spider_spiderdrome
Spider:4: johnstein_spider_rune_arachne_lair
Orc:1:    layout_diamond_mine, okawaru_metal_pillars_1_2
Orc:2:    st_orc_elflike, layout_diamond_mine, basic_altar, uniq_urug
Elf:1:    minmay_the_grid_octo_tiled_octocenter_mashed
          [minmay_the_grid_octo_fat_diamond, minmay_the_grid_octo_checkered,
          minmay_the_grid_octo_fan_narrow, minmay_the_grid_octo_vomiting_pacman,
          minmay_the_grid_octo_prize_single_spiral,
          minmay_the_grid_square_5x5_minibox,
          minmay_the_grid_square_5x5_six_small,
          minmay_the_grid_square_5x5_pentomino_r,
          minmay_the_grid_square_5x5_n_small], layout_geoelf_octagon,
          orc_legates, nicolae_alphabet_shops
Elf:2:    elven_hall_of_blades_hangedman_alternative
          [nicolae_blade_entry_floor_patterns], layout_gridlike, serial_shops,
          shop, hangedman_elf_simple_split
Elf:3:    minmay_elf_hall_dome, layout_geoelf_grid,
          ploomutoo_gammafunk_ghost_potion_laboratory,
          nicolae_elf_loose_elemental_storage
Vaults:1: ploomutoo_gammafunk_ghost_potion_laboratory, v_misc_2, v_misc_1,
          ontoclasm_vaults_claustrophobia, hangedman_vaults_capsules,
          layout_vaults_omnigrid, nicolae_trove_entry_columns
Vaults:2: mu_enter_wizlab_4, ontoclasm_vaults_gallery, v_alt_pattern_5,
          ontoclasm_vaults_ring_large, nicolae_vaults_sealed_display, v_misc_13,
          vaults_room_hallway, nicolae_vaults_little_squares_1,
          nicolae_vaults_little_squares_2, grunt_vaults_twisty,
          grunt_vaults_focal, vaults_room_corners, vaults_room_pool,
          nicolae_vaults_asterisk, layout_vaults_big_room, serial_shops,
          nicolae_shop_stone, uniq_jory

Skill      XL: |  1  2  3  4  5  6  7  8  9 10 11 12 13 14 15 16 17 18 19 20 21 22 |
---------------+-------------------------------------------------------------------+-----
Spellcasting   | 3 4 5 6 7 8 10 12 14 16 | 16.1
Fighting       | 6 7 12 15 17 20 | 20.8
Dodging        | 7 11 14 17 19 | 19.2
Invocations    | 6 12 16 17 18 | 18.0
Shields        | 1 |  1.9
Short Blades   | 8 |  8.0
Stealth        | |  1.5

Action                   |  1- 3 |  4- 6 |  7- 9 | 10-12 | 13-15 | 16-18 | 19-21 | 22-24 || total
-------------------------+-------+-------+-------+-------+-------+-------+-------+-------++-------
Melee: Dagger            |       |     4 |       |       |       |       |       |       ||     4
       Long sword        |       |       |     1 |       |       |       |       |       ||     1
       War axe           |       |       |     1 |     3 |     5 |       |       |       ||     9
       Staff             |       |       |       |       |     1 |    18 |     7 |     1 ||    27
       Pair of quick bla |       |       |       |       |       |       |       |    88 ||    88
 Cast: Magic Dart        |    85 |    91 |   243 |   109 |   152 |    44 |    12 |       ||   736
       Conjure Flame     |     2 |     1 |    23 |    19 |    25 |    12 |     2 |       ||    84
       Sting             |     1 |    32 |    75 |   109 |   150 |    47 |     6 |       ||   420
       Call Imp          |     1 |    10 |    14 |    26 |    68 |    36 |    29 |     1 ||   185
       Mephitic Cloud    |     1 |       |     5 |    15 |    21 |     7 |     5 |       ||    54
       Blink             |       |     4 |     5 |    13 |    15 |    25 |     9 |     2 ||    73
       Slow              |       |     5 |    29 |    24 |    27 |    20 |     6 |     2 ||   113
       Wereblood         |       |       |     1 |       |     1 |       |       |     3 ||     5
       Flame Wave        |       |       |     4 |    22 |     3 |       |       |       ||    29
       Ensorcelled Hiber |       |       |       |     4 |     2 |       |       |       ||     6
       Summon Forest     |       |       |       |    28 |    91 |    40 |    51 |    23 ||   233
       Starburst         |       |       |       |       |    39 |   214 |   192 |    12 ||   457
       Agony             |       |       |       |       |     1 |       |       |     3 ||     4
       Summon Hydra      |       |       |       |       |       |    45 |   180 |    82 ||   307
       Dispersal         |       |       |       |       |       |       |     3 |     1 ||     4
       Orb of Destructio |       |       |       |       |       |       |    62 |    29 ||    91
Invok: Greater Servant o |       |       |       |       |       |     2 |     2 |     1 ||     5
       Lesser Servant of |       |       |       |       |       |     2 |       |       ||     2
  Use: Scroll            |       |     1 |    12 |     8 |     7 |    11 |    11 |     6 ||    56
       Potion            |       |       |     1 |     2 |     2 |     1 |     8 |       ||    14
 Stab: Distracted        |       |       |       |       |       |     1 |     1 |     1 ||     3
Armor: Robe              |     2 |     6 |     7 |    17 |    31 |    62 |    16 |    13 ||   154
Dodge: Dodged            |     3 |    17 |    55 |   126 |   163 |   150 |   207 |   110 ||   831
Block: Orb               |       |       |       |       |       |       |    46 |     1 ||    47
       Reflection        |       |       |       |       |       |       |    16 |     1 ||    17
       Other             |       |       |       |       |       |       |       |    12 ||    12
